 Dungeon Crawl Stone Soup version 0.28.0 (webtiles) character file.

Game seed: 17954258168471696486

59 Buxparty the Skirmisher (level 3, -5/29 HPs)
             Began as a Demonspawn Abyssal Knight on Feb 4, 2022.
             Was a Believer of Lugonu.
             Slain by a gnoll (11 damage)
             ... on level 1 of the Dungeon.
             The game lasted 00:03:57 (1604 turns).

Buxparty the Skirmisher (Demonspawn Abyssal Knight) Turns: 1604, Time: 00:03:58

Health: -5/29      AC:  4    Str: 15    XL:     3   Next: 78%
Magic:  5/5        EV: 12    Int: 11    God:    Lugonu [**....]
Gold:   67         SH:  4    Dex: 19    Spells: 2/2 levels left

rFire   . . .      SeeInvis .   a - +1 falchion
rCold   . . .      Faith    .   (no shield)
rNeg    . . .      Spirit   .   b - +0 leather armour
rPois   .          Reflect  .   (no helmet)
rElec   .          Harm     .   f - +0 cloak
rCorr   .          Rampage  .   (no gloves)
Will    .....                   (no boots)
Stlth   +.........              (no amulet)
HPRegen 0.09/turn               d - +6 ring of dexterity
MPRegen 0.09/turn               (no ring)

@: no status effects
A: condensation shield
a: Renounce Religion, Depart the Abyss, Bend Space


You were on level 1 of the Dungeon.
You worshipped Lugonu.
Lugonu was pleased with you.
You visited 1 branch of the dungeon, and saw 2 of its levels.
You visited the Abyss 1 time.

You collected 67 gold pieces.

Inventory:

Hand Weapons
 a - a +1 falchion (weapon)
Missiles
 i - 4 poisoned darts
Armour
 b - a +0 leather armour (worn)
 f - a +0 cloak (worn)
 k - a +0 chain mail
Jewellery
 c - a ring of poison resistance
 d - a +6 ring of dexterity (left hand)
 j - a +6 ring of strength
Scrolls
 m - a scroll of identify {unknown}
 o - a scroll of immolation {unknown}
 p - a scroll of enchant armour {unknown}
Potions
 e - a potion of cancellation {unknown}
 g - 3 potions of heal wounds {unknown}
 h - a potion of haste {unknown}
 l - a potion of curing {unknown}
 n - a potion of lignification {unknown}


   Skills:
 + Level 3.3 Fighting
 + Level 2.3 Long Blades
 + Level 2.2 Armour
 + Level 1.5 Dodging
 + Level 3.2 Invocations


You had 2 spell levels left.
You didn't know any spells.
Your spell library was empty.

Dungeon Overview and Level Annotations

Branches:
Dungeon (2/15)

Altars:


Innate Abilities, Weirdness & Mutations

A meltable shield of frost defends you. (SH +4)


Message History

You kill the hobgoblin!
Lugonu accepts your kill.
You closely miss the rat. The rat closely misses you.
The rat barely misses you.
You closely miss the rat. The rat barely misses you.
You closely miss the rat. The rat closely misses you.
You hit the rat.
You kill the rat!
Lugonu accepts your kill.
Things that are here:
a rat corpse; a jackal corpse; a giant cockroach corpse
Found an escape hatch in the floor.
No target in view!
i - 4 poisoned darts (gained 2)
A gnoll comes into view. It is wielding a +1 flail of draining.
The gnoll moves out of view. 2 gnolls come into view.
The gnoll shouts!
A gnoll comes into view. It is wielding a +0 spear.
The gnoll shouts!
The gnoll shouts!
You closely miss the gnoll. The gnoll hits you with a +0 flail!
You barely miss the gnoll.
The gnoll shouts!
The gnoll hits you with a +0 flail.
You closely miss the gnoll. The gnoll hits you with a +0 flail!
* * * LOW HITPOINT WARNING * * *
Things that are here:
a rat corpse; a jackal corpse; a giant cockroach corpse
There is an escape hatch in the ceiling here.
You block the gnoll's attack. A mysterious force pulls you upwards.
The hatch slams shut behind you.
You hit the gnoll.
The gnoll is lightly wounded.
The gnoll hits you with a +0 flail.
* * * LOW HITPOINT WARNING * * *
You hit the gnoll.
The gnoll is heavily wounded.
The gnoll hits you with a +0 flail!
You die...

#.# #.# ##.#####
#.# #......# #.#
#......# #.#
##......# #.#
#..###.## ##.#
#.## #.### #>.#
#g# #...## #.##
#@######.(####.###
#.................
#############..###
#### # # # # #


You could see a gnoll.

Vanquished Creatures
  An adder (D:2)
  6 ball pythons
  An endoplasm (D:2)
  6 giant cockroaches
  3 goblins (D:1)
  4 hobgoblins
  5 jackals
  2 quokkas (D:1)
  10 bats
  5 frilled lizards (D:1)
  2 rats
45 creatures vanquished.

Notes
Turn   | Place    | Note
-------+----------+-------------------------------------------
     0 | Abyss:1  | Buxparty the Demonspawn Abyssal Knight began the quest for
                  | the Orb.
     0 | Abyss:1  | Reached XP level 1. HP: 18/18 MP: 2/2
    54 | Abyss:1  | Noticed a large abomination
    58 | Abyss:1  | Noticed a large abomination
    64 | D:1      | Escaped the Abyss
    93 | D:1      | Reached skill level 1 in Dodging
   262 | D:1      | Gained mutation: A meltable shield of frost defends you.
                  | (SH +4) [demonic ancestry]
   262 | D:1      | Reached XP level 2. HP: 23/24 MP: 4/4
   272 | D:1      | Found a faded altar of an unknown god.
   369 | D:1      | Reached ** piety under Lugonu
   625 | D:1      | Reached XP level 3. HP: 23/29 MP: 5/5
  1604 | D:1      | Slain by a gnoll

Illustrated notes

Levels and vault maps discovered:
D:1:      doesnt_arrival_eight_statues, layout_rooms,
          shapermc_ecumenical_altar_acropolis
D:2:      minmay_angry_zag, layout_rooms, nrook_uturn, minmay_ruptured

Skill      XL: |  1  2 |
---------------+-------+-----
Dodging        | 1 |  1.5
Long Blades    | 2 |  2.3
Armour         | 2 |  2.2
Invocations    | 3 |  3.2
Fighting       | |  3.3

Action                   || total
-------------------------++-------
Melee: Falchion          ||   163
       Punch             ||     1
 Stab: Sleeping          ||     1
Armor: Leather armour    ||    70
Dodge: Dodged            ||   112
Block: Other             ||    29
